Map: Nightshade LE

Players

antagomiR - Winner!

  • Race: Protoss Protoss
  • League: Gold
  • Spawn Location: 11:00

VOD

Have the link to the VOD?

Description

Time

  • Played on: April 18, 2020, 1:58 p.m.
  • Length: 18:42
Show
View Real Time Build Order
Export as new Build Order

antagomiR Protoss - Winner!

Build Orders:  

Get SALT Encoding   

  12  0:04  Probe (Chrono Boost)  
  14  0:21  Probe (Chrono Boost)  
  14  0:25  Pylon  
  14  0:38  Probe (Chrono Boost)  
  15  0:55  Probe (Chrono Boost), Gateway  
  16  1:06  Probe (Chrono Boost)  
  16  1:08  Assimilator  
  17  1:20  Probe (Chrono Boost)  
  18  1:33  Assimilator  
  18  1:38  Probe (Chrono Boost)  
  19  1:55  Probe (Chrono Boost)  
  20  2:04  Cybernetics Core  
  20  2:18  Probe (Chrono Boost)  
  21  2:20  Pylon  
  21  2:35  Probe (Chrono Boost)  
  23  2:51  Probe (Chrono Boost)  
  23  3:00  Robotics Facility  
  23  3:06  Probe  
  24  3:10  Stalker  
  26  3:33  Nexus  
  26  3:41  Probe  
  27  3:52  Pylon  
  27  3:58  Sentry  
  29  4:01  Probe  
  29  4:08  Observer  
  31  4:13  Warp Gate (Chrono Boost)  
  31  4:17  Probe  
  32  4:26  Gateway  
  32  4:34  Probe  
  32  4:38  Observer  
  34  4:49  Gateway  
  34  4:51  Probe  
  34  4:54  Pylon  
  35  5:08  Probe  
  36  5:16  Probe  
  37  5:25  Probe  
  38  5:31  Immortal  
  38  5:36  Probe  
  43  5:42  Probe  
  44  6:14  Probe x2  
  46  6:24  Pylon  
  46  6:27  Stalker x2  
  46  6:29  Pylon  
  50  6:31  Probe x2  
  52  6:48  Probe x2  
  52  6:49  Immortal  
  58  6:56  Sentry  
  60  7:06  Probe x2  
  62  7:23  Probe x2  
  62  7:24  Pylon  
  62  7:29  Pylon  
  64  7:35  Assimilator  
  64  7:38  Assimilator  
  64  7:40  Probe x2  
  64  7:48  Stalker  
  64  7:49  Sentry  
  70  7:51  Immortal  
  70  7:56  Zealot  
  70  7:57  Probe  
  77  8:02  Probe  
  78  8:14  Probe  
  78  8:18  Probe  
  79  8:26  Shield Battery  
  79  8:27  Shield Battery  
  79  8:29  Pylon, Stalker  
  81  8:30  Stalker x2  
  81  8:31  Probe  
  81  8:35  Probe  
  87  8:48  Probe  
  88  8:52  Probe  
  80  9:32  Probe x2  
  80  9:35  Forge, Nexus  
  80  9:39  Pylon  
  82  9:41  Immortal, Twilight Council  
  82  9:42  Pylon  
  82  9:49  Probe x2  
  88  9:58  Stalker  
  88  9:59  Sentry  
  92  10:00  Stalker  
  92  10:02  Pylon  
  92  10:06  Probe  
  95  10:19  Probe, Colossus  
  96  10:23  Probe  
  96  10:28  Protoss Ground Weapons Level 1  
  97  10:34  Gateway x2  
  97  10:35  Probe  
  97  10:37  Gateway  
  98  10:43  Gateway  
  98  10:46  Gateway  
  98  10:54  Probe x2  
  100  11:03  Assimilator  
  100  11:06  Assimilator  
  100  11:11  Probe x2, Photon Cannon  
  100  11:12  Shield Battery  
  100  11:13  Photon Cannon  
  100  11:17  Probe  
  103  11:25  Photon Cannon  
  103  11:28  Probe x2  
  105  11:34  Probe  
  106  11:45  Probe x2  
  106  11:49  Immortal  
  111  11:53  Zealot x2  
  111  11:54  Zealot  
  117  12:01  Charge (Chrono Boost)  
  117  12:30  Zealot x2  
  117  12:31  Zealot x2  
  125  12:44  Immortal  
  129  12:51  Nexus  
  129  12:54  Photon Cannon  
  129  12:57  Pylon  
  129  13:04  Pylon  
  129  13:07  Pylon  
  129  13:16  Phoenix  
  129  13:18  Assimilator  
  129  13:21  Assimilator  
  129  13:25  Zealot x2  
  129  13:26  Zealot  
  135  13:39  Immortal  
  139  13:48  Templar Archives  
  139  13:55  Protoss Ground Weapons Level 2 (Chrono Boost)  
  139  14:11  Stalker  
  139  14:12  Zealot x3  
  139  14:13  Zealot  
  139  14:14  Zealot  
  151  14:38  Warp Prism  
  126  15:32  Zealot  
  126  15:33  Zealot x3  
  126  15:34  Zealot x3  
  126  15:35  Zealot  
  142  15:54  Shield Battery  
  142  15:56  Shield Battery  
  126  16:45  Stalker  
  126  16:46  Stalker x3  
  126  16:47  Stalker x3  
  126  16:48  Stalker  
Tags
 
League
Gold
Matchup
Co-op
Replay Pack
20200422
Add a new tag
Caveats
  • Supply blocks, unpowered buildings, or Contaminate may cause inaccurate times.
  • Supply counts are checked every 10 seconds.